 Dungeon Sprint DCSS version 0.29.1-15-g9cfb28693d (webtiles) character file.

Game seed: 10088757723160068646

295 Omnicron the Grasshopper (level 6, 0/54 HPs)
             Began as a Palentonga Warper on Mar 4, 2023.
             Was an Initiate of Okawaru.
             Slain by Sonja
             ... wielding a +0 short sword of distortion
              (11 damage)
             ... in the Dungeon (Sprint I: "Red Sonja").
             The game lasted 00:04:29 (678 turns).

Omnicron the Grasshopper (Palentonga Warper)         Turns: 678, Time: 00:04:29

Health: 0/54       AC:  5    Str: 18    XL:     6   Next: 11%
Magic:  13/13      EV: 10    Int: 14    God:    Okawaru [......]
Gold:   306        SH:  0    Dex:  9    Spells: 7/15 levels left

rFire   . . .      SeeInvis +   a - +0 hand axe
rCold   . . .      Faith    .   (no shield)
rNeg    . . .      Spirit   .   b - +0 leather armour
rPois   .          Reflect  .   (no helmet)
rElec   .          Harm     .   (no cloak)
rCorr   .          Rampage  .   (no gloves)
Will    .....      NoTele   +   (no barding)
Stlth   +.........              (no amulet)
HPRegen 0.18/turn               (no ring)
MPRegen 0.13/turn               (no ring)

@: hasted and slowed
A: large, rugged brown scales 3, see invisible, deformed body, roll 1, armoured
tail
a: Rolling Charge, Renounce Religion


You were in the Dungeon.
You worshipped Okawaru.
Okawaru was noncommittal.
You visited 1 branch You collected 306 gold pieces.

Inventory:

Hand Weapons
 a - a +0 hand axe (weapon)
Armour
 b - a +0 leather armour (worn)
Wands
 j - a wand of roots (13)
Scrolls
 c - 2 scrolls of blinking
Potions
 f - a potion of heal wounds
 g - a potion of haste
 h - 2 potions of magic


   Skills:
 + Level 5.5 Fighting
 + Level 5.6 Axes
 - Level 1.0 Throwing
 + Level 3.7 Armour
 + Level 4.3 Dodging
 + Level 5.0 Spellcasting
 + Level 6.6 Translocations


You had 7 spell levels left.
You knew the following spells:

 Your Spells              Type           Power      Damage    Failure   Level
a - Blink                 Tloc           44%        N/A       1%          2
b - Teleport Other        Tloc           22%        N/A       4%          3
c - Gell's Gravitas       Tloc           22%        N/A       4%          3

Your spell library contained the following spells:

 Spells                   Type           Power      Damage    Failure   Level
 Lesser Beckoning         Tloc           22%        N/A       4%          3
 Manifold Assault         Tloc           22%        N/A       36%         5


Dungeon Overview and Level Annotations

Branches:
Dungeon (1/1)

Altars:
Cheibriados
Dithmenos
Elyvilon
Fedhas
Gozag
Hepliaklqana
Kikubaaqudgha
Makhleb
Nemelex Xobeh
Okawaru
Qazlal
Ru
Sif Muna
Trog
Uskayaw
Vehumet
Wu Jian
Xom
Yredelemnul
Zin
The Shining One
Jiyva
Lugonu

Shops:
D !

Annotations:
D Sonja


Innate Abilities, Weirdness & Mutations

You are completely covered in rugged brown scales. (AC +3, +7% HP)
You have supernaturally acute eyesight. (SInv)
Armour fits poorly on your strangely shaped body.
You can roll at nearby foes to attack.
You have a long armoured tail.


Message History

Found four altars.
Which direction?
You close the door.
There is an open door here.
You open the door.
Sonja, the Graceful Assassin comes into view.
She is wielding a +0 short sword of distortion and quivering curare-tipped darts.
Sonja shouts!
Sonja throws a curare-tipped dart.
The curare-tipped dart closely misses you.
Sonja throws a curare-tipped dart.
The curare-tipped dart hits you.
You are poisoned.
You have difficulty breathing.
You feel yourself slow down.
Found 108 gold pieces.
Roll where?
Press: ? - help, Q - select action, (/) - cycle Dir - move target, f - Sonja
Aim: Sonja, wielding a +0 short sword of distortion and quivering curare-tipped darts You roll forward with a clatter of scales!
You slash Sonja!
Sonja is moderately wounded.
You feel very sick. Sonja hits you but does no damage. Space warps around you.
Sonja barely misses you. Sonja hits you but does no damage.
Sonja barely misses you.
Sonja hits you with a +0 short sword of distortion.
Space warps around you. Sonja barely misses you.
You feel better. Sonja hits you but does no damage.
Sonja hits you with a +0 short sword of distortion.
Space warps horribly around you! Sonja barely misses you.
Sonja mumbles some strange words.
Sonja blinks!
You feel yourself speed up.
Sonja mumbles some strange words.
Sonja blinks!
Sonja hits you with a +0 short sword of distortion.
Space warps around you!
* * * LOW HITPOINT WARNING * * *
Sonja hits you with a +0 short sword of distortion.
* * * LOW HITPOINT WARNING * * *
Space warps horribly around you!
You die...

#..#####'#####'#__#
#..####..#...#.# ##
#.)#__####..##.#
#..#_____##'#_.+
#⌠⌠#_.∩...'..._#
####_..__##_§#'#
#_____###°#(#
#########.###


+$@$+ #$K$# ##.## #+# You could see Sonja.

Vanquished Creatures
  Sigmund (D)
  An ogre (D)
  A jelly (D)
  Ijyb (D)
4 creatures vanquished.

Notes
Turn   | Place    | Note
-------+----------+-------------------------------------------
     0 | D        | Omnicron the Palentonga Warper began the quest for the Orb.
     0 | D        | Reached XP level 1. HP: 17/17 MP: 3/3
     1 | D        | Noticed Ijyb
     7 | D        | Killed Ijyb
     8 | D        | Reached skill level 1 in Throwing
     8 | D        | Reached skill level 4 in Translocations
     8 | D        | Reached XP level 2. HP: 6/24 MP: 3/5
   236 | D        | Noticed an ogre
   240 | D        | Killed an ogre
   241 | D        | Reached skill level 5 in Translocations
   241 | D        | Reached XP level 3. HP: 32/32 MP: 6/8
   241 | D        | Reached XP level 4. HP: 39/39 MP: 6/9
   265 | D        | Learned a level 2 spell: Blink
   269 | D        | Learned a level 3 spell: Teleport Other
   273 | D        | Learned a level 3 spell: Gell's Gravitas
   278 | D        | Noticed Sigmund
   289 | D        | Killed Sigmund
   290 | D        | Reached skill level 5 in Fighting
   290 | D        | Reached skill level 5 in Axes
   290 | D        | Reached skill level 6 in Translocations
   290 | D        | Reached XP level 5. HP: 12/47 MP: 10/12
   535 | D        | Found an ornate altar of the Wu Jian Council.
   535 | D        | Found a shimmering blue altar of Sif Muna.
   537 | D        | Found a radiant altar of Vehumet.
   543 | D        | Reached skill level 5 in Spellcasting
   543 | D        | Reached XP level 6. HP: 43/54 MP: 10/13
   604 | D        | Found Pyelimod's Distillery.
   604 | D        | Found an ancient bone altar of Kikubaaqudgha.
   604 | D        | Found a hazy altar of Hepliaklqana.
   604 | D        | Found a stormy altar of Qazlal.
   604 | D        | Found a hide-covered altar of Uskayaw.
   604 | D        | Found a blossoming altar of Fedhas.
   604 | D        | Found a bloodstained altar of Trog.
   604 | D        | Found an iron altar of Okawaru.
   604 | D        | Found a basalt altar of Yredelemnul.
   604 | D        | Found a glowing golden altar of the Shining One.
   604 | D        | Found a snail-covered altar of Cheibriados.
   604 | D        | Found a sacrificial altar of Ru.
   604 | D        | Found a glowing silver altar of Zin.
   604 | D        | Found a shadowy altar of Dithmenos.
   604 | D        | Found a white marble altar of Elyvilon.
   604 | D        | Noticed a yak
   611 | D        | Found an opulent altar of Gozag.
   612 | D        | Found a sparkling altar of Nemelex Xobeh.
   619 | D        | Became a worshipper of Warmaster Okawaru
   667 | D        | Found a burning altar of Makhleb.
   667 | D        | Found a viscous altar of Jiyva.
   667 | D        | Found a shimmering altar of Xom.
   667 | D        | Found a corrupted altar of Lugonu.
   667 | D        | Noticed a slime creature
   675 | D        | Noticed Sonja
   678 | D        | Slain by Sonja

Illustrated notes

Levels and vault maps discovered:
D:        dungeon_sprint_1 [red_sonja_temple_1, red_sonja_temple_small_1]

Skill      XL: |  1  2  3  4  5 |
---------------+----------------+-----
Throwing       | 1 |  1.0
Dodging        | 2 3 4 |  4.3
Translocations | 4 5 6 |  6.6
Fighting       | 4 5 |  5.5
Axes           | 4 5 |  5.6
Armour         | 2 3 |  3.7
Spellcasting   | 3 4 5 |  5.0

Action                   |  1- 3 |  4- 6 || total
-------------------------+-------+-------++-------
Melee: Hand axe          |     5 |    15 ||    20
       Tailslap          |     2 |     1 ||     3
Throw: Boomerang         |     3 |     4 ||     7
 Cast: Blink             |       |     1 ||     1
       Teleport Other    |       |     2 ||     2
 Abil: Rolling Charge    |     2 |     3 ||     5
  Use: Potion            |     1 |     2 ||     3
Armor: Leather armour    |       |     5 ||     5
Dodge: Dodged            |     1 |    13 ||    14
